Unix NetHack Version 5.0.0-0 post-release - last build Jul 14 2026 02:55:29 (1809b74e8187c3a3585e283601c3028b46cbbdcb,branch:main).

Game began 2026-07-14 14:48:59, ended 2026-07-17 13:35:31.

Booker, lawful female human Knight

                    }

                       } }     }}
                               }}          }
                                        }}}}
                               }      }}}}}}
                  }  }}            }}}}}}}}}
                             )j- }}}}}}}}}}
               }}}}}}        .@}}}}}}}}}}
               }}}}}}        -}}}}}}}}}}}
        }}}}}}                }}}}}}}}}}}
                             }}}}}}}}}}}}}}
                             }}}}}}}}}}}}}}}}}}
Booker the Knight        St:25 Dx:14 Co:18 In:12 Wi:17 Ch:18  Lawful S:379861
Dlvl:33 $:41 HP:0(95) Pw:110(110) AC:-8 Xp:14/122879 T:27005 

Latest messages:
 The xan attacks a spot beside you.
 You hear a chugging sound.
 For some reason, the nurse's presence is known to you.
 You feel aggravated at the nurse.
 You hit the nurse!
 You hit the nurse!
 You hit the nurse!
 You miss the nurse.
 You kill the nurse!
 The potion of full healing heats up as it hits the hot ground.
 It shatters from the heat!
 You smell a peculiar odor...
 You see here a nurse corpse.
 You find a pit.
 You are carrying too much to get through.
 A dagger misses you.
 You see here 30 gold pieces.
 The xan scratches your left boot!
 The bone devil wields 2 daggers!
 The bone devil thrusts one of its daggers.
 The bone devil hits!
 The bone devil stings!
 You hit the bone devil!
 Your silver saber sears the bone devil's flesh!
 You kill the bone devil!
 The potion of extra healing heats up as it hits the hot ground.
 It shatters from the heat!
 You smell a peculiar odor...
 You hit the xan!
 You miss the xan.
 The xan scratches your left boot!
 You miss the xan.
 You hit the xan!
 The xan misses!
 You kill the xan!
 You hit the minotaur!
 You hit the minotaur!
 You hit the minotaur!
 You hit the minotaur!
 The minotaur hits!
 The minotaur hits again!
 The minotaur butts!
 The minotaur hits!
 The minotaur hits again!
 The minotaur butts!
 What do you want to zap? [nptBFIS or ?*]
 In what direction?
 You dig a hole through the floor.
 You fall through...
 You die...

Inventory:
 Coins    ('$')
  $ - 41 gold pieces
 Amulets  ('"')
  V - an uncursed amulet of ESP (being worn)
  K - an uncursed amulet of unchanging
 Weapons  (')')
  a - the blessed rustproof +6 Excalibur (wielded in right hand)
  A - an uncursed +1 silver saber (wielded in left hand)
 Armor    ('[')
  X - an uncursed thoroughly rusty +0 dwarvish iron helm (being worn)
  y - a blessed rustproof +2 pair of gauntlets of power (being worn)
  h - a blessed fireproof +3 pair of speed boots (being worn)
  c - an uncursed burnt +0 cloak of magic resistance (being worn)
  L - a blessed greased +2 silver dragon scale mail (being worn)
 Comestibles  ('%')
  J - an uncursed lichen corpse
  j - 3 uncursed lizard corpses
 Rings    ('=')
  f - an uncursed ring of fire resistance (on right hand)
  C - an uncursed ring of shock resistance (on left hand)
 Wands    ('/')
  S - a blessed wand of cold (0:0)
  I - an uncursed wand of digging (0:2)
  t - an uncursed wand of fire (0:3)
  B - an uncursed wand of magic missile (0:5)
  p - an uncursed wand of nothing (0:12)
  F - an uncursed wand of striking (0:5)
  n - an uncursed wand of teleportation (0:1)
 Tools    ('(')
  s - a blessed greased bag of holding containing 39 items
  D - an uncursed blindfold
  P - an uncursed mirror
  q - an uncursed skeleton key
  l - a blessed +0 unicorn horn
 Gems/Stones  ('*')
  W - a blessed luckstone

Contents of the bag of holding:
  8008 gold pieces
  an uncursed +0 pair of kicking boots
  an uncursed +0 mummy wrapping
  7 uncursed C-rations
  4 uncursed food rations
  3 uncursed K-rations
  a blessed scroll of blank paper
  an uncursed scroll of charging
  3 uncursed scrolls of create monster
  an uncursed scroll of destroy armor
  a blessed scroll of light
  an uncursed scroll of magic mapping
  4 uncursed scrolls of teleportation
  a cursed scroll of teleportation
  an uncursed potion of booze
  2 uncursed potions of confusion
  a blessed potion of gain energy
  a blessed potion of healing
  an uncursed potion of monster detection
  a blessed potion of object detection
  2 uncursed potions of object detection
  2 cursed potions of object detection
  an uncursed potion of paralysis
  an uncursed potion of sleeping
  an uncursed potion of speed
  a potion of holy water
  an uncursed potion of water
  an uncursed +1 ring of gain constitution
  an uncursed ring of slow digestion
  an uncursed ring of warning
  an uncursed wand of create monster (0:0)
  an uncursed wand of digging (0:5)
  an uncursed wand of digging (0:0)
  an uncursed wand of digging (0:0)
  an uncursed wand of lightning (0:3)
  an uncursed wand of magic missile (0:6)
  an uncursed wand of magic missile (0:1)
  an uncursed wand of sleep (0:3)
  an uncursed tooled horn

Booker the Knight's attributes:

Background:
 You were a Knight, level 14 female human.
 You were lawful, on a mission for Lugh
 who was opposed by Brigit (neutral) and Manannan Mac Lir (chaotic).
 You started out male.
 You were right-handed.
 You were in Gehennom, on level 33.
 You entered the dungeon 27005 turns ago.
 There was a new moon in effect when your adventure ended.
 You had 122879 experience points, 37121 more were needed to attain level 15.
 Your score was 379861 before end-of-game adjustments.

Basics:
 You had 0 out of 95 hit points.
 You had all 110 energy points (spell power).
 Your armor class was -8.
 Your wallet contained 41 zorkmids, and
 you had 8008 more stashed away in your pack.
 Autopickup was off.

Final Characteristics:
 Your strength was 25 (base:18, innate limit:18/100).
 Your dexterity was 14 (peak:15, limit:18).
 Your constitution was 18 (limit:18).
 Your intelligence was 12 (limit:18).
 Your wisdom was 17 (limit:18).
 Your charisma was 18 (limit:18).

Final Status:
 You weren't hungry.
 You were unencumbered.
 You were wielding two weapons at once.
 Your skill in long sword was limited by being skilled with two weapons.
 You were skilled in saber and two weapons.

Final Attributes:
 You were the Hand of Elbereth.
 You were piously aligned.
 You were magic-protected.
 You were fire resistant.
 Your items were protected from fire.
 You were cold resistant.
 You were sleep resistant.
 You were shock resistant.
 Your items were protected from electric shocks.
 You were poison resistant.
 You were level-drain resistant.
 You saw invisible.
 You were telepathic.
 You had automatic searching.
 You were invisible to others.
 You could jump.
 You were warded.
 You were very fast.
 You had reflection.
 You were very lucky.
 You had extra luck.
 Good luck did not time out for you.
 Lugh was angry with you.
 You are dead (2nd time!).

Miscellaneous:
 You disabled loading and storing of bones levels.
 Total elapsed playing time was 9 hours, 25 minutes and 35 seconds.

Major events:
 Turn
    1: Booker the lawful male human Knight entered the dungeon
  822: attained the rank of Esquire (level 3)
 1365: entered the Gnomish Mines
 2848: was given Excalibur by the Lady of the Lake
 3604: attained the rank of Bachelor (level 6)
 4784: reached Mine Town
 7543: acquired the Mines' End luckstone
 8472: entered Sokoban
 8825: completed 1st Sokoban level
 9157: completed 2nd Sokoban level
 9483: completed 3rd Sokoban level
10090: completed 4th Sokoban level
10355: acquired the Sokoban amulet of reflection
10448: attained the rank of Sergeant (level 10)
10791: was bestowed with Ogresmasher by Lugh
14314: entered Home 1, the Quest
15688: made his first wish - "blessed greased bag of holding", got "a greased bag"
19861: just blew up his bag of holding
20496: was crowned "The Hand of Elbereth" by Lugh
24269: wished for "blessed greased +2 silver dragon scale mail", got "a greased silver dragon scale mail"
24280: wished for "blessed greased bag of holding", got "a greased bag"
24289: wished for "blessed rustproof +2 gauntlets of power", got "a pair of padded gloves"
24501: attained the rank of Knight (level 14)
24636: averted death (killed by a minotaur)
25212: entered Gehennom
27005: killed by falling down a mine shaft

You didn't know any spells.

Skills:
 Fighting Skills
   bare handed combat [Unskilled]
   two weapon combat  [Skilled]
   riding             [Basic]
 Weapon Skills
   dagger             [Unskilled]
   knife              [Unskilled]
   axe                [Unskilled]
   pick-axe           [Unskilled]
   short sword        [Unskilled]
   broadsword         [Unskilled]
   long sword         [Expert]
   two-handed sword   [Unskilled]
   saber              [Skilled]
   club               [Unskilled]
   mace               [Unskilled]
   morning star       [Unskilled]
   flail              [Unskilled]
   hammer             [Unskilled]
   polearms           [Unskilled]
   spear              [Unskilled]
   trident            [Unskilled]
   lance              [Basic]
   bow                [Unskilled]
   crossbow           [Unskilled]
 Spellcasting Skills
   attack spells      [Unskilled]
   healing spells     [Unskilled]
   clerical spells    [Unskilled]

Voluntary challenges:
 Character rerolling was not enabled.
 You never genocided any monsters.
 You never polymorphed an object.
 You used 4 wishes.
 You did not wish for any artifacts.
 You did not violate any of the special Sokoban rules.
Achievements:
 You entered a shop.
 You attained the rank of Esquire.
 You entered the Gnomish Mines.
 You attained the rank of Bachelor.
 You entered Minetown.
 You entered a temple.
 You completed the Gnomish Mines.
 You entered Sokoban.
 You completed Sokoban.
 You attained the rank of Sergeant.
 You learned the tune to open and close the Castle's drawbridge.
 You attained the rank of Knight.
 You entered Gehennom.

 The Dungeons of Doom: levels 1 to 28
    Level 1:
    Level 2:
       A food shop, an altar to Lugh.
    Level 3:
       A general store.
       Stairs down to The Gnomish Mines.
    Level 4:
       Many trees.
    Level 5:
       Oracle of Delphi.
    Level 6: "my stuff in closet"
       A grave.
       Stairs up to Sokoban, level 5.
    Level 7:
       A potion shop.
    Level 8:
    Level 9:
       A potion shop, an altar to Lugh.
    Level 10:
       A sink.
    Level 11:
    Level 12:
       Some fountains.
       Summoned by King Arthur.
       Portal to The Quest.
    Level 13:
       A fountain.
    Level 14:
       A fountain.
    Level 15:
       A fountain.
    Level 16:
       A primitive area.
    Level 17:
       An altar to Lugh.
    Level 18:
       A grave.
    Level 19:
       A food shop, a fountain, a sink, a grave.
    Level 20:
       A temple and an altar to Lugh, a fountain, a sink.
    Level 21:
       Many fountains, a sink.
    Level 22:
       A sink.
    Level 23:
       A fountain.
    Level 24:
    Level 25:
       A temple and an altar to Lugh, a fountain.
    Level 26:
       A temple and an altar, a fountain, a grave.
    Level 27:
       Many trees.
    Level 28:
       A throne, a fountain.
       The castle (play notes "AFDBD" to open or close drawbridge).
       Connection to Gehennom.
 Gehennom: levels 29 to 33
    Level 29:
       A temple and an altar, many graves.
       Valley of the Dead.
    Level 30:
    Level 31:
    Level 32:
    Level 33: <- You were here.
       Final resting place for
          you, killed by falling down a mine shaft.
 The Gnomish Mines: levels 4 to 12
    Level 4:
    Level 5:
    Level 6:
       Many shops, a temple and an altar, some fountains.
    Level 7:
    Level 8:
    Level 9:
    Level 10:
    Level 11:
    Level 12:
       A fountain.
 The Quest:
    Level 1:
       A throne.
       Home.
 Sokoban: levels 5 up to 2
    Level 2:
       Solved.
    Level 3:
       Solved.
    Level 4:
       Solved.
    Level 5:
       Solved.


Vanquished creatures:
 an iron golem
  a master lich
  2 purple worms
  a gray dragon
  3 red dragons
  a black dragon
  a blue dragon
  a yellow dragon
  3 minotaurs
  2 baluchitheria
  a demilich
 an Olog-hai
  a trapper
  2 genetic engineers
  3 disenchanters
  6 vampire leaders
  2 captains
  4 liches
  2 nurses
 an ice devil
  3 lurkers above
  2 frost giants
 an ettin
  9 vampires
  5 lieutenants
 27 ghosts
  a queen bee
  2 mind flayers
  8 giant mimics
  2 long worms
  a zruty
  a fire giant
  4 ogre tyrants
  2 ice trolls
  3 flesh golems
 an elven monarch
  2 hezrous
  4 bone devils
  6 large mimics
  2 wumpuses
  2 fire vortices
  5 stalkers
 an air elemental
  4 fire elementals
 an earth elemental
  a water elemental
  a hill giant
  a giant mummy
  3 xorns
  9 giant zombies
  2 elf-nobles
  5 sergeants
  a water demon
  a barbed devil
  a salamander
  8 wargs
  2 winter wolves
 18 small mimics
  a glass piercer
  4 warhorses
  5 xans
  3 ogre leaders
  4 quantum mechanics
 14 trolls
  3 wood golems
  a marilith
  2 sharks
  5 gelatinous cubes
  3 pyrolisks
  2 large dogs
  2 freezing spheres
  3 flaming spheres
  2 shocking spheres
  3 large cats
  a tiger
  a gargoyle
  2 dwarf rulers
  a tengu
  a mountain centaur
  3 elf mummies
  5 human mummies
  a python
  2 pit vipers
  a cobra
 26 wraiths
  a carnivorous ape
 12 ettin zombies
  3 leather golems
  2 Grey-elves
 46 soldiers
 an amorous demon
  a horned devil
  a chameleon
  2 crocodiles
  2 giant beetles
  8 cockatrices
  8 wolves
  a winter wolf cub
  2 lynxes
  a gremlin
  3 spotted jellies
 26 leprechauns
  2 orc-captains
  3 iron piercers
  3 mumakil
  5 giant spiders
  3 scorpions
  3 horses
  3 black lights
  7 vampire bats
  a forest centaur
  3 gnome rulers
  3 orc mummies
  4 dwarf mummies
  5 ogres
  a brown pudding
  4 rust monsters
  4 owlbears
  a yeti
  3 werewolves
  8 Green-elves
  3 giant eels
  8 lizards
  5 chickatrices
  a dingo
  a dog
  3 housecats
  6 jaguars
  5 blue jellies
  a gray unicorn
  5 dust vortices
  9 ravens
  4 plains centaurs
  5 gnome mummies
  7 snakes
 13 human zombies
  2 rope golems
  3 Woodland-elves
  6 soldier ants
  3 fire ants
 25 bugbears
  2 imps
 14 quasits
  4 wood nymphs
  3 water nymphs
  2 mountain nymphs
 25 Uruk-hai
 an orc shaman
  5 rock piercers
  8 rock moles
  8 ponies
  2 fog clouds
  9 yellow lights
  2 shriekers
  4 violet fungi
 28 gnome leaders
 11 gnomish wizards
  a kobold mummy
  a red naga hatchling
  3 gray oozes
  a barrow wight
 21 elf zombies
 11 ghouls
  5 straw golems
  a paper golem
  a baby crocodile
 10 giant ants
  2 little dogs
  8 floating eyes
  2 kittens
 11 dwarves
  5 homunculi
  5 kobold leaders
  4 kobold shamans
 13 hill orcs
  8 rothes
  a rabid rat
  2 centipedes
  6 giant bats
  6 monkeys
 13 orc zombies
  6 dwarf zombies
  9 iguanas
 33 killer bees
  4 acid blobs
  a coyote
  a gas spore
  6 hobbits
  2 manes
  4 large kobolds
 23 hobgoblins
  3 giant rats
  4 cave spiders
  2 brown molds
  3 yellow molds
  2 green molds
  2 red molds
 78 gnomes
  5 garter snakes
 14 gnome zombies
  8 geckos
  7 jackals
  a fox
  4 kobolds
 12 goblins
  8 sewer rats
  9 grid bugs
 10 lichens
  8 kobold zombies
 15 newts
1146 creatures vanquished.

No species were genocided or became extinct.

Game over:
                       ----------
                      /          \
                     /    REST    \
                    /      IN      \
                   /     PEACE      \
                  /                  \
                  |      Booker      |
                  |     8049 Au      |
                  |    killed by     |
                  |  falling down a  |
                  |    mine shaft    |
                  |                  |
                  |       2026       |
                 *|     *  *  *      | *
        _________)/\\_//(\/(/\)/\//\/|_)_______

Fare thee well Booker the Knight...

You died in Gehennom on dungeon level 33 with 379057 points,
and 8049 pieces of gold, after 27005 moves.
You were level 14 with a maximum of 95 hit points when you died.

